 Dungeon Crawl Stone Soup version 0.17-a0-1582-ge6b0260 (webtiles) character file.

578 karlkraus the Shield-Bearer (level 7, 0/61 HPs)
             Began as a Minotaur Fighter on July 28, 2015.
             Slain by a sky beast (6 damage)
             ... on level 4 of the Dungeon.
             The game lasted 00:09:20 (2698 turns).

karlkraus the Shield-Bearer (Minotaur Fighter)      Turns: 2698, Time: 00:09:20

Health: 0/61       AC: 12    Str: 22    XL:     7   Next: 13%
Magic:  6/6        EV:  7    Int:  5    God:
Gold:   277        SH: 11    Dex: 10    Spells: 0 memorised, 6 levels left

rFire  . . .     SeeInvis .     a - +0 long sword
rCold  . . .     Clarity  .     j - +0 chain mail
rNeg   . . .     SustAt   .     p - +1 shield {reflect}
rPois  .         Gourm    .     (helmet restricted)
rElec  .         Spirit   .     u - +0 cloak
rCorr  .         Warding  .     (no gloves)
rMut   .         Rnd*Tele +     (no boots)
MR     .....                    (no amulet)
Stlth  ..........               t - ring of teleportation
                                n - +2 ring of protection

@: drained, not resistant to hostile enchantments, extremely unstealthy
A: retaliatory headbutt, horns 2
a: Evoke Teleportation


You were on level 4 of the Dungeon.
You were very hungry.

You visited 1 branch of the dungeon, and saw 5 of its levels.

You collected 277 gold pieces.

Inventory:

Hand weapons
 a - a +0 long sword (weapon)
 c - a cursed -1 war axe
 d - a +3 flail of protection
 w - a +1 mace of draining
Armour
 j - a +0 chain mail (worn)
 p - a +1 shield of reflection (worn)
 u - a +0 cloak (worn)
Jewellery
 n - a +2 ring of protection (left hand)
 t - a ring of teleportation (right hand)
Magical devices
 l - a wand of random effects (33)
Scrolls
 b - a scroll of identify
 h - 4 scrolls of teleportation
 i - a scroll of fog
Potions
 f - 2 potions of curing {unknown}
 k - 2 potions of cancellation {unknown}
 m - a potion of brilliance
 o - 2 potions of magic
 r - a potion of flight {unknown}
 s - a potion of beneficial mutation {unknown}
Comestibles
 e - 6 bread rations
 g - 3 beef jerkies
 q - a slice of pizza


   Skills:
 + Level 5.3(4.7) Fighting
 + Level 4.3(3.7) Long Blades
 + Level 5.3(4.7) Armour
 + Level 2.9(2.4) Dodging
 + Level 0.1(0.0) Stealth
 + Level 6.1(5.5) Shields


You had 6 spell levels left.
You didn't know any spells.

Dungeon Overview and Level Annotations

Branches:
Dungeon (5/15)
 Temple: D:4-7

Altars:
Elyvilon
Nemelex Xobeh
Qazlal
Vehumet
Yredelemnul


Innate Abilities, Weirdness & Mutations

You reflexively headbutt those who attack you in melee.
You have a pair of horns on your head.


Message History

You block the sky beast's attack.
There is a stone staircase leading up here.
The sky beast hits you but does no damage.
You climb upwards.
There is a stone staircase leading down here.
You closely miss the sky beast. You block the sky beast's attack.
You hit the sky beast. You headbutt the sky beast.
The sky beast is moderately wounded.
The sky beast flickers out of sight!
Deactivating autopickup; reactivate with Ctrl-A.
Something hits you but does no damage.
You miss something. Your headbutt misses something. You block its attack.
Something hits you.
* * * LOW HITPOINT WARNING * * *
Something shocks you.
* * * LOW HITPOINT WARNING * * *
You closely miss something. Something hits you.
* * * LOW HITPOINT WARNING * * *
Something shocks you.
You die...

..................#
..#######.###.###.#
..# #.# #.# #.#
..#######.#
#.###.##
..........#
#.##...#
..#########
#.##...# ..#
#.##...# ..#
#.##{### ..# #.##@#
.## #.##.# .#
#.##.# .# #.##.#
.############.##.#
...........##.##.#
.#########.##.##.#
.# #.##.##.# .#
#.##.##.#


There were no monsters in sight!

Vanquished Creatures
  Edmund (D:4)
  2 ogres
  The ghost of WhatIsLove the Grasshopper, an average FoWr (D:3)
  An orc wizard (D:4)
  A giant frog skeleton (D:4)
  An iguana (D:4)
  2 adders (D:2)
  A worm (D:3)
  A giant gecko (D:2)
  16 orcs
  11 hobgoblins
  3 jackals (D:3)
  9 kobolds
  3 quokkas
  A ball python (D:3)
  A ball python skeleton (D:4)
  9 bats
  3 giant newts
  6 goblins
  36 rats
109 creatures vanquished.

Notes
Turn   | Place    | Note
--------------------------------------------------------------
     0 | D:1      | karlkraus the Minotaur Fighter began the quest for the Orb.
     0 | D:1      | Reached XP level 1. HP: 19/19 MP: 0/0
   216 | D:1      | Reached skill level 4 in Armour
   270 | D:1      | Reached XP level 2. HP: 27/27 MP: 1/1
   936 | D:2      | Reached XP level 3. HP: 33/33 MP: 2/2
  1278 | D:2      | Reached XP level 4. HP: 36/40 MP: 3/3
  1480 | D:3      | Noticed WhatIsLove's ghost (average FoWr)
  1492 | D:3      | Killed WhatIsLove's ghost
  1492 | D:3      | Reached skill level 1 in Dodging
  1492 | D:3      | Reached skill level 5 in Shields
  1492 | D:3      | Reached XP level 5. HP: 35/47 MP: 4/4
  1650 | D:3      | Found a basalt altar of Yredelemnul.
  2033 | D:4      | Noticed an ogre
  2049 | D:4      | Killed an ogre
  2049 | D:4      | Reached XP level 6. HP: 30/55 MP: 5/5
  2102 | D:4      | Noticed Edmund
  2115 | D:4      | Killed Edmund
  2115 | D:4      | Reached skill level 5 in Fighting
  2115 | D:4      | Reached skill level 5 in Armour
  2424 | D:4      | Found a stormy altar of Qazlal.
  2523 | D:4      | Found a radiant altar of Vehumet.
  2527 | D:4      | Found a white marble altar of Elyvilon.
  2591 | D:4      | Found a sparkling altar of Nemelex Xobeh.
  2679 | D:5      | Entered Level 5 of the Dungeon
  2686 | D:5      | Reached skill level 6 in Shields
  2686 | D:5      | Reached XP level 7. HP: 17/61 MP: 6/6
  2698 | D:4      | Slain by a sky beast

Vault maps used:
D:1:      dpeg_arrival_rooms_b
D:2:      minmay_misc_feat_iff, minmay_rats_cheesy_pizza
D:3:      lemuel_crystal_altar, kennysheep_small_spiral
D:4:      nicolae_overflow_hidden_temple, lemuel_coloured_pillars_altar,
          uniq_edmund
D:5:      forest_paths, lemuel_crystal_altar, zin_statuary, first_bread,
          basic_altar, nicolae_gozag_cash_rules_everything_around_me

Action                   |  1- 3 |  4- 6 |  7- 9 || total
-------------------------+-------+-------+-------++-------
Melee: Long sword        |   120 |   135 |     4 ||   259
  Use: Scroll            |       |     9 |       ||     9
       Potion            |       |     2 |       ||     2
  Eat: Chunk             |     1 |     4 |       ||     5
